 Dungeon Crawl Stone Soup version 0.21-a0-529-g8c7b3f5 (webtiles) character file.

43250 Gorglomux the Thrower (level 14, -1/97 HPs)
             Began as an Octopode Hunter on Dec 9, 2017.
             Was a High Priest of Okawaru.
             Slain by a spiny frog (22 damage)
             ... on level 6 of the Lair of Beasts.
             The game lasted 01:09:58 (22536 turns).

Gorglomux the Thrower (Octopode Hunter)            Turns: 22536, Time: 01:09:59

Health: -1/97      AC: -1    Str: 11    XL:     14   Next: 23%
Magic:  30/31      EV: 27    Int: 15    God:    Okawaru [*****.]
Gold:   949        SH: 15    Dex: 16    Spells: 20/24 levels left

rFire    + . .     SeeInvis .     - Unarmed
rCold    + + .     Gourm    .   w - +3 shield {rN+} {god gift}
rNeg     + + .     Faith    .   L - -2 hat of the Alchemist {rElec rPois rF+ rC+ rN+ MR+ rMut rCorr}
rPois    +         Spirit   .   h - amulet of magic regeneration
rElec    +         Reflect  .   m - ring of protection from magic
rCorr    +         Harm     .   r - ring of magical power
rMut     +                      c - ring of protection from cold
MR       +++..                  y - +2 ring of slaying
Stlth    +++++++++.             X - +3 ring of evasion
HPRegen  0.26/turn              v - ring of wizardry
MPRegen  0.47/turn              x - ring of stealth
                                o - ring of poison resistance

@: lethally poisoned (-1 -> -18), heroism
A: almost no armour, stealthy swim, amphibious, 8 rings, constrict 8, camouflage
1, gelatinous body 1
a: Heroism, Finesse, Renounce Religion


You were on level 6 of the Lair of Beasts.
You worshipped Okawaru.
Okawaru was extremely pleased with you.
You were not hungry.

You visited 3 branches of the dungeon, and saw 18 of its levels.
You also visited: Labyrinth.

You collected 1101 gold pieces.
You spent 152 gold pieces at shops.

Inventory:

Hand Weapons
 q - a +0 blowgun
Missiles
 g - 6 steel javelins {god gift}
 k - 10 javelins (quivered)
 G - 11 curare-tipped needles
 H - 10 needles of sleeping {god gift}
 Z - 4 throwing nets
Armour
 w - a +3 shield of positive energy (worn) {god gift}
 L - the -2 hat of the Alchemist (worn) {rElec rPois rF+ rC+ rN+ MR+ rMut rCorr}
   (You found it on level 6 of the Dungeon)

   It protects you from fire.
   It protects you from cold.
   It insulates you from electricity.
   It protects you from poison.
   It protects you from negative energy.
   It affects your resistance to hostile enchantments.
   It protects you from acid and corrosion.
   It protects you from mutation.
Jewellery
 c - a ring of protection from cold (on tentacle)
 h - an amulet of magic regeneration (around mantle)
 m - a ring of protection from magic (left tentacle)
 o - a ring of poison resistance (on tentacle)
 r - a ring of magical power (right tentacle)
 v - a ring of wizardry (on tentacle)
 x - a ring of stealth (on tentacle)
 y - a +2 ring of slaying (on tentacle)
 X - a +3 ring of evasion (on tentacle)
Wands
 e - a wand of polymorph (13)
 A - a wand of acid (7)
 D - a wand of digging (9)
 E - a wand of enslavement (20)
 I - a wand of iceblast (9)
Scrolls
 s - a scroll of fear
 u - 2 scrolls of holy word
 B - 4 scrolls of blinking
 K - 3 scrolls of fog
 M - a scroll of magic mapping
 N - 5 scrolls of immolation
 O - 2 scrolls of amnesia
 R - 2 scrolls of identify
 S - 9 scrolls of remove curse
 T - 9 scrolls of teleportation
Potions
 b - a potion of flight
 f - 3 potions of lignification
 i - 3 potions of might
 p - a potion of invisibility
 t - a potion of haste
 F - a potion of heal wounds
 J - 3 potions of cancellation
 P - 2 potions of mutation {!q}
 Q - 9 potions of curing
 Y - a potion of brilliance
Miscellaneous
 l - a fan of gales
 n - a lightning rod (4/4)
 U - a box of beasts
 V - a phantom mirror
 W - a sack of spiders
Comestibles
 d - 15 bread rations
 z - 7 meat rations
 C - 10 chunks of flesh


   Skills:
 - Level 9.1(14.1) Fighting
 - Level 10.1(15.1) Throwing
 - Level 9.1(14.1) Dodging
 - Level 9.1(14.1) Stealth
 + Level 8.4(13.4) Shields
 - Level 9.4(14.4) Unarmed Combat
 + Level 5.6 Spellcasting
 + Level 6.1 Hexes
 - Level 9.0 Invocations
 - Level 5.2 Evocations


You had 20 spell levels left.
You knew the following spells:

 Your Spells              Type           Power        Failure   Level  Hunger
a - Confusing Touch       Hex            ###...       1%          1    None
x - Confuse               Hex            ###.....     1%          3    ###....


Dungeon Overview and Level Annotations

Branches:
Dungeon (11/15)            Temple (1/1) D:7            Lair (6/6) D:10
  Swamp (0/4) Lair:2        Snake (0/4) Lair:3        Slime (0/5) Lair:5
    Orc (0/2) D:10

Altars:
Ashenzari
Cheibriados
Fedhas
Gozag
Makhleb
Nemelex Xobeh
Okawaru
Qazlal
Trog
Vehumet
Xom
Yredelemnul
Zin
The Shining One

Shops:
D:7 *   D:9 (   D:10 [

Annotations:
D:8 exclusion: ice statue
D:10 exclusion: 2 doors, Snorg
Lair:3 exclusion: door
Lair:4 exclusion: door
Lair:5 exclusion: oklob plant


Innate Abilities, Weirdness & Mutations

You cannot wear most types of armour.
You are very stealthy in the water. (Stealth+)
You are amphibious.
You can wear up to eight rings at the same time.
You can use your tentacles to constrict eight enemies at once.
Your skin changes colour to match your surroundings (Stealth+).
Your rubbery body absorbs attacks. (AC +1, EV +1)


Message History

You thrash the spiny frog!
The spiny frog is moderately wounded!
You constrict the spiny frog!
You feel sick! The spiny frog barely misses you!
You thrash the spiny frog!!!
The spiny frog is severely wounded!
You constrict the spiny frog!
You feel sick!
The spiny frog stings you!!!!!! * * * don't butt
* * * You are more poisoned!
The spiny frog poisons you!!!
Unknown command!
You release your grip on the spiny frog!
You feel sick! You block the spiny frog's attack!
You gain the combat prowess of a mighty hero!
You feel sick! The spiny butt completely misses you!
You thrash the spiny frog butt do no damage!
Butt's grab misses the spiny frog!
Your tentacle-slap misses the spiny frog!
The butt frog is severely wounded!
You feel sick!
The spiny frog stings butt!!!!!! rip

#≈≈≈≈≈≈≈≈≈≈≈≈#≈≈# ≈....
#≈≈≈≈≈≈≈≈≈≈≈≈#≈≈##≈...#
#####≈≈≈≈#####≈≈≈≈....##
.≈≈≈≈≈≈≈≈≈≈≈#≈≈≈ ≈.....
≈≈≈≈≈88≈≈≈≈≈#≈≈##≈.....
≈≈≈≈≈≈≈≈P≈≈≈#≈≈#.≈.....
.≈##.≈≈###≈##≈≈≈≈≈.....
P≈≈≈≈≈≈≈≈≈≈≈≈≈≈FH≈≈...(
≈≈##≈≈#.≈≈##P@#.......
≈≈ #≈P#.≈≈##≈≈##≈P....
......≈≈.≈..≈......
......P#≈...#≈P....
##..#####.### ..... ###
### .... ....


You could see a manticore and a spiny frog.

Vanquished Creatures
  Gastronok (Lair:1)
  A minotaur (Lab)
  Erica (D:10)
  6 hydras
  A merfolk avatar (Lair:6)
  3 two-headed ogres
  The ghost of Scuka the Fencer, a novice BaBe of Trog (D:8)
  A sea snake (Lair:6)
  A harpy (Lair:6)
  2 manticores
  A cyclops (D:11)
  12 elephants
  4 black mambas
  The ghost of teton the Conjurer, a novice DrFE of Vehumet (D:6)
  9 spiny frogs
  3 rime drakes
  4 komodo dragons
  17 blink frogs
  4 hornets
  A wind drake (Lair:6)
  3 hippogriffs
  25 yaks
  3 wyverns
  5 basilisks
  A hungry ghost (D:10)
  A steam dragon (Lair:3)
  Menkaure (D:5)
  4 nagas (Lair:3)
  11 water moccasins
  12 porcupines
  6 ice beasts
  5 orc warriors
  5 phantoms
  3 sky beasts
  A black bear (D:10)
  11 wolves
  An eye of draining (D:9)
  2 centaurs
  6 ogres
  14 crocodiles
  16 bullfrogs
  6 scorpions
  7 killer bees
  4 wights (D:10)
  4 howler monkeys
  2 crimson imps
  3 bullfrog zombies
  3 jellies
  A quasit (D:5)
  2 centaur skeletons (D:9)
  6 hounds
  7 orc priests
  A bullfrog skeleton (D:5)
  12 orc wizards
  Crazy Yiuf (D:7)
  2 iguanas
  12 worker ants
  A killer bee zombie (D:8)
  A hound zombie (D:8)
  2 hound skeletons
  2 howler monkey zombies
  A howler monkey skeleton (D:8)
  9 adders
  7 gnolls
  3 shadow imps
  5 oozes
  2 adder skeletons
  2 adder zombies
  4 worms
  3 dart slugs
  9 leopard geckos
  42 orcs
  3 giant cockroaches
  6 goblins
  6 hobgoblins
  6 jackals
  7 kobolds
  5 quokkas
  3 ball pythons
  9 bats
  9 frilled lizards
  A leopard gecko skeleton (D:6)
  A quokka skeleton (D:5)
  9 rats
441 creatures vanquished.

Vanquished Creatures (collateral kills)
  An orc priest (D:8)
  An orc (D:8)
2 creatures vanquished.

Vanquished Creatures (others)
  A sky beast (D:11)
  A centaur (D:11)
  An orc (D:10)
  58 fungi
  32 plants
93 creatures vanquished.

Grand Total: 536 creatures vanquished

Notes
Turn   | Place    | Note
-------+----------+-------------------------------------------
     0 | D:1      | Gorglomux the Octopode Hunter began the quest for the Orb.
     0 | D:1      | Reached XP level 1. HP: 14/14 MP: 1/1
   243 | D:1      | Reached XP level 2. HP: 10/19 MP: 2/2
   247 | D:1      | Reached skill level 3 in Stealth
   732 | D:1      | Reached XP level 3. HP: 24/24 MP: 3/3
   982 | D:2      | Found an iron altar of Okawaru.
   994 | D:2      | Became a worshipper of Warmaster Okawaru
  1052 | D:2      | Found a faded altar of an unknown god.
  1205 | D:2      | Reached XP level 4. HP: 16/29 MP: 4/4
  2305 | D:3      | Reached XP level 5. HP: 25/35 MP: 5/5
  2749 | D:3      | Reached skill level 3 in Fighting
  2749 | D:3      | Reached skill level 3 in Dodging
  2892 | D:3      | Found a burning altar of Makhleb.
  3242 | D:4      | Noticed an ogre
  3566 | D:4      | Noticed a phantom
  3583 | D:4      | Killed a phantom
  3583 | D:4      | Reached * piety under Okawaru
  3583 | D:4      | Reached XP level 6. HP: 43/43 MP: 6/6
  4336 | D:4      | Reached XP level 7. HP: 47/49 MP: 4/7
  4418 | D:4      | Found a shimmering altar of Xom.
  4423 | D:4      | Found a shimmering altar of Xom.
  4426 | D:4      | Found a shimmering altar of Xom.
  4433 | D:4      | Reached skill level 1 in Invocations
  4666 | D:4      | Reached skill level 3 in Invocations
  4694 | D:4      | Found a stormy altar of Qazlal.
  4926 | D:5      | Entered Level 5 of the Dungeon
  4965 | D:5      | Noticed Menkaure
  4971 | D:5      | Killed Menkaure
  4971 | D:5      | Reached ** piety under Okawaru
  5020 | D:5      | Reached XP level 8. HP: 49/54 MP: 10/12
  5157 | D:5      | Found a sparkling altar of Nemelex Xobeh.
  5926 | D:6      | Reached skill level 5 in Throwing
  6107 | D:6      | Noticed teton's ghost (novice DrFE)
  6211 | D:6      | Found a bloodstained altar of Trog.
  6774 | D:6      | Found the -2 hat of the Alchemist {rElec rPois rF+ rC+ rN+ MR+ rMut rCorr}
  7330 | D:6      | Killed teton's ghost
  7330 | D:6      | Reached skill level 6 in Fighting
  7330 | D:6      | Reached skill level 6 in Dodging
  7330 | D:6      | Reached skill level 1 in Unarmed Combat
  7330 | D:6      | Reached XP level 9. HP: 18/62 MP: 10/13
  7845 | D:7      | Found a staircase to the Ecumenical Temple.
  7948 | D:7      | Reached skill level 6 in Throwing
  8055 | Temple   | Entered the Ecumenical Temple
  8630 | D:7      | Reached skill level 3 in Unarmed Combat
  9215 | D:7      | Found Fecet's Assorted Antiques.
  9234 | D:7      | Bought a scroll of identify for 38 gold pieces
  9234 | D:7      | Bought a scroll labeled YCETRO KIRU for 19 gold pieces
  9234 | D:7      | Bought an encrusted garnet ring for 95 gold pieces
  9262 | D:7      | Found a runed door.
  9267 | D:7      | Noticed Crazy Yiuf
  9268 | D:7      | Killed Crazy Yiuf
  9315 | D:8      | Found a shattered altar of Ashenzari.
  9517 | D:8      | Noticed a two-headed ogre
  9533 | D:8      | Killed a two-headed ogre
  9533 | D:8      | Reached *** piety under Okawaru
  9533 | D:8      | Reached XP level 10. HP: 34/72 MP: 12/14
  9787 | D:8      | Noticed a two-headed ogre
  9928 | D:8      | Killed a two-headed ogre
  9928 | D:8      | Reached skill level 3 in Evocations
 10164 | D:8      | Noticed Scuka's ghost (novice BaBe)
 10285 | D:8      | Found an opulent altar of Gozag.
 10607 | D:8      | Reached skill level 6 in Stealth
 10774 | D:8      | Noticed an ice statue
 10821 | D:8      | Killed Scuka's ghost
 10821 | D:8      | Reached **** piety under Okawaru
 11071 | D:9      | Reached skill level 9 in Stealth
 11094 | D:9      | Reached skill level 1 in Shields
 11175 | D:9      | Reached skill level 3 in Shields
 11189 | D:9      | Reached XP level 11. HP: 57/76 MP: 15/15
 11594 | D:9      | Found Akikket's Antique Weapon Shoppe.
 11672 | D:9      | Found a blossoming altar of Fedhas.
 11957 | D:10     | Entered Level 10 of the Dungeon
 12023 | D:10     | Found a staircase to the Orcish Mines.
 12023 | D:10     | Found Uliedig's Armour Boutique.
 12028 | D:10     | Noticed Erica
 12040 | D:10     | Reached skill level 6 in Unarmed Combat
 12051 | D:10     | Killed Erica
 12202 | D:10     | Noticed Snorg
 12470 | D:10     | Found a staircase to the Lair.
 12485 | D:10     | Reached ***** piety under Okawaru
 12852 | D:11     | Noticed a manticore
 12872 | D:10     | Received a gift from Okawaru
 12992 | D:11     | Noticed a two-headed ogre
 13005 | D:10     | Killed a manticore
 13005 | D:10     | Reached skill level 7 in Throwing
 13303 | D:11     | Noticed a manticore
 13320 | D:11     | Killed a manticore
 13320 | D:11     | Received a gift from Okawaru
 13482 | D:11     | Noticed a cyclops
 13504 | D:11     | Killed a cyclops
 13504 | D:11     | Reached skill level 8 in Throwing
 13509 | D:11     | Received a gift from Okawaru
 14320 | D:11     | Killed a two-headed ogre
 14320 | D:11     | Reached skill level 9 in Throwing
 14743 | Lair:1   | Entered Level 1 of the Lair of Beasts
 14744 | Lair:1   | Reached XP level 12. HP: 82/82 MP: 16/16
 14761 | Lair:1   | Noticed a four-headed hydra
 14776 | Lair:1   | Killed a four-headed hydra
 14776 | Lair:1   | Received a gift from Okawaru
 14776 | Lair:1   | Reached skill level 10 in Throwing
 14844 | Lair:1   | Reached skill level 6 in Invocations
 14874 | Lair:1   | Noticed Gastronok
 15138 | Lair:1   | Received a gift from Okawaru
 15531 | Lair:1   | Killed Gastronok
 16082 | Lair:2   | Reached skill level 9 in Invocations
 16090 | Lair:2   | Received a gift from Okawaru
 16135 | Lair:1   | HP: 1/82 [blink frog (15)]
 16517 | Lair:2   | Noticed a five-headed hydra
 16527 | Lair:2   | Killed a five-headed hydra
 16527 | Lair:2   | Received a gift from Okawaru
 16657 | Lair:2   | Found a staircase to the Swamp.
 16757 | Lair:2   | Reached skill level 9 in Unarmed Combat
 16780 | Lair:2   | Reached XP level 13. HP: 73/89 MP: 19/19
 17226 | Lair:2   | Reached skill level 9 in Dodging
 17280 | Lair:2   | Reached skill level 9 in Fighting
 17902 | Lair:2   | Learned a level 1 spell: Confusing Touch
 17907 | Lair:2   | Learned a level 3 spell: Confuse
 17968 | Lair:3   | Reached skill level 1 in Spellcasting
 17968 | Lair:3   | Reached skill level 1 in Hexes
 18077 | Lair:3   | Found a staircase to the Snake Pit.
 18211 | Lair:3   | Reached skill level 6 in Shields
 18822 | Lair:3   | Reached skill level 3 in Hexes
 19215 | Lair:4   | Found a labyrinth entrance.
 19222 | Lab      | Entered a labyrinth
 19355 | Lab      | Noticed a minotaur
 19701 | Lab      | Killed a minotaur
 19701 | Lab      | Reached skill level 3 in Spellcasting
 20042 | Lair:4   | Received a gift from Okawaru
 20466 | Lair:4   | Found a runed door.
 21091 | Lair:5   | Received a gift from Okawaru
 21238 | Lair:5   | Found a staircase to the Slime Pits.
 21556 | Lair:6   | Entered Level 6 of the Lair of Beasts
 21693 | Lair:6   | Reached XP level 14. HP: 48/97 MP: 21/21
 22048 | Lair:6   | Received a gift from Okawaru
 22407 | Lair:6   | Reached skill level 6 in Hexes
 22501 | Lair:6   | Identified Sif Muna's Disquisition on Doomed Enhancements
 22536 | Lair:6   | Slain by a spiny frog

Vault maps used:
D:1:      dpeg_arrival_oval, minmay_misc_feat_more_columns
D:2:      chequers_ecumenical_altar_simple, first_bread, okawaru_gym_becter
D:3:      bloody_makhleb
D:4:      kennysheep_mini_moat, xom_redecorated
D:5:      nemelex_xobeh_ov_fountains_minmay, uniq_menkaure
D:6:      trog_hazing_becter
D:7:      minmay_temple_entry_junction, serial_shops,
          nicolae_shop_overgrown_old_shop, grunt_ogre_cave,
          uniq_crazy_yiuf_cottage
D:8:      lemuel_ice_statue, basic_altar, grunt_gozag_breadcrumbs
D:9:      serial_shops, shop_statue, fedhas_altar_decomposition
D:10:     due_lair_maze_entry_diamond, orc_david_3, uniq_snorg, uniq_erica
Temple:   compressed_dpeg_triangle_lava_temple
Lair:1:   uniq_gastronok
Lair:2:   swamp_mist, infiniplex_staircase_pool_2, grunt_megastairs_4
Lair:3:   minmay_snake_entry_guardpost_small, grunt_forest_large_clearing_hut
Lair:4:   gammafunk_mikee_crab_dinner, lab_entry_generic
Lair:5:   nicolae_slime_entry_slimehenge, minmay_hedge_maze,
          minmay_lair_oklob_items, serial_bayou_shore_a, grunt_megastairs_2
Lair:6:   gammafunk_lair_ancient_temple
Lab:      labyrinth_mini_lab, nicolae_lab_quarters, lab_statue,
          nicolae_lab_garden, nicolae_lab_t_cross, labyrinth_glass_1

Skill      XL: |  1  2  3  4  5  6  7  8  9 10 11 12 13 14 |
---------------+-------------------------------------------+-----
Stealth        | 2 4 5 9 |  9.1
Fighting       | 3 4 6 7 8 9 |  9.1
Dodging        | 3 4 6 7 8 9 |  9.1
Invocations    | 5 9 |  9.0
Throwing       | 5 6 9 10 | 10.1
Unarmed Combat | 1 4 8 9 |  9.4
Evocations     | 5 |  5.2
Shields        | 3 4 7 8 |  8.4
Spellcasting   | 4 5 |  5.6
Hexes          | 5 6 |  6.1

Action                   |  1- 3 |  4- 6 |  7- 9 | 10-12 | 13-15 || total
-------------------------+-------+-------+-------+-------+-------++-------
Melee: Short sword       |    43 |    61 |   296 |       |       ||   400
       Constrict         |    12 |    18 |    54 |    70 |    50 ||   204
       Tentacles         |     8 |    10 |    68 |   123 |   102 ||   311
       Punch             |       |       |    14 |    56 |    41 ||   111
       Unarmed           |       |       |     2 |   532 |   414 ||   948
 Fire: Hunting sling     |    16 |   126 |    67 |       |       ||   209
       Blowgun           |       |     1 |     6 |    27 |    11 ||    45
Throw: Javelin           |     7 |     4 |    21 |    77 |    96 ||   205
       Stone             |     6 |       |     3 |     7 |       ||    16
       Tomahawk          |       |       |     6 |       |       ||     6
       Throwing net      |       |       |       |       |     2 ||     2
 Cast: Confusing Touch   |       |       |       |       |    15 ||    15
       Confuse           |       |       |       |       |     8 ||     8
Invok: Heroism           |       |     1 |    18 |    24 |    14 ||    57
       Finesse           |       |       |       |     5 |     3 ||     8
Evoke: Wand              |       |       |       |     7 |       ||     7
       Lightning rod     |       |       |       |     7 |       ||     7
  Use: Potion            |       |     1 |       |     2 |       ||     3
       Scroll            |       |     5 |     7 |       |    20 ||    32
 Stab: Sleeping          |     3 |     5 |    11 |    11 |     8 ||    38
       Distracted        |       |       |       |     3 |     4 ||     7
       Confused          |       |       |       |       |    11 ||    11
  Eat: Chunk             |     1 |     9 |    13 |    22 |     8 ||    53
       Bread ration      |       |       |     1 |       |       ||     1
       Fruit             |       |       |       |     2 |     5 ||     7
       Royal jelly       |       |       |       |       |     3 ||     3
Armor: Skin              |     6 |     4 |     2 |     3 |       ||    15
Dodge: Dodged            |    41 |    84 |   268 |   344 |   178 ||   915
Block: Buckler           |       |       |       |    81 |       ||    81
       Shield            |       |       |       |    16 |   183 ||   199

Table legend:
 A = Spawn XP
 B = Non-spawn XP
 C = Spawn XP percentage of total XP
 D = Spawn monster count
 E = Non-spawn monster count
 F = Spawn count percentage of total count
 G = Total turns spent on level
                    A         B        C        D         E        F      G
               +---------+---------+-------+---------+---------+-------+---------
         Total |       0 |   61787 |   0.0 |       0 |     444 |   0.0 | 22536
               +---------+---------+-------+---------+---------+-------+---------
           D:1 |       0 |      40 |   0.0 |       0 |      26 |   0.0 |   973
           D:2 |       0 |      63 |   0.0 |       0 |      11 |   0.0 |  1101
           D:3 |       0 |     186 |   0.0 |       0 |      32 |   0.0 |  1745
           D:4 |       0 |     639 |   0.0 |       0 |      21 |   0.0 |  1107
           D:5 |       0 |     581 |   0.0 |       0 |      27 |   0.0 |   841
           D:6 |       0 |    1131 |   0.0 |       0 |      28 |   0.0 |  2131
           D:7 |       0 |    1422 |   0.0 |       0 |      21 |   0.0 |  1304
           D:8 |       0 |    3933 |   0.0 |       0 |      35 |   0.0 |  1384
           D:9 |       0 |    2502 |   0.0 |       0 |      27 |   0.0 |  1097
          D:10 |       0 |    3924 |   0.0 |       0 |      34 |   0.0 |  1535
          D:11 |       0 |    3948 |   0.0 |       0 |      28 |   0.0 |  1251
        Lair:1 |       0 |    6831 |   0.0 |       0 |      25 |   0.0 |  1696
        Lair:2 |       0 |   11562 |   0.0 |       0 |      41 |   0.0 |  1476
        Lair:3 |       0 |    7664 |   0.0 |       0 |      23 |   0.0 |  1300
        Lair:4 |       0 |    3669 |   0.0 |       0 |      13 |   0.0 |  1198
        Lair:5 |       0 |    2952 |   0.0 |       0 |      22 |   0.0 |   601
        Lair:6 |       0 |    9655 |   0.0 |       0 |      29 |   0.0 |   980
           Lab |       0 |    1085 |   0.0 |       0 |       1 |   0.0 |   542
               +---------+---------+-------+---------+---------+-------+---------
